 Dungeon Crawl Stone Soup version 0.18-a0-596-g6468885 (webtiles) character file.

164 4thArraOfDagon the Slasher (level 5, -3/36 HPs)
             Began as a High Elf Fighter on Dec 3, 2015.
             Was an Initiate of the Shining One.
             Slain by a centaur (8 damage)
             ... on level 6 of the Dungeon.
             The game lasted 00:04:28 (938 turns).

4thArraOfDagon the Slasher (High Elf Fighter)        Turns: 938, Time: 00:04:29

Health: -3/36      AC:  6    Str: 15    XL:     5   Next: 21%
Magic:  6/6        EV:  6    Int: 16    God:    the Shining One [......]
Gold:   54         SH:  9    Dex: 14    Spells: 0 memorised, 4 levels left

rFire  . . .     SeeInvis .     a - +0 long sword
rCold  . . .     Clarity  .     b - +0 scale mail
rNeg   . . .     SustAt   .     c - +0 shield
rPois  .         Gourm    .     (no helmet)
rElec  .         Spirit   .     (no cloak)
rCorr  .         Dismiss  .     (no gloves)
rMut   .         Stasis   .     (no boots)
MR     +....                    (no amulet)
Stlth  ..........               g - ring of protection from magic
                                f - +3 ring of intelligence

@: somewhat resistant to hostile enchantments, extremely unstealthy
A: no striking features
a: Renounce Religion


You were on level 6 of the Dungeon.
You worshipped the Shining One.
The Shining One was noncommittal.
You were hungry.

You visited 1 branch of the dungeon, and saw 6 of its levels.

You collected 54 gold pieces.

Inventory:

Hand Weapons
 a - a +0 long sword (weapon)
Armour
 b - a +0 scale mail (worn)
 c - a +0 shield (worn)
Jewellery
 f - a +3 ring of intelligence (left hand)
 g - a ring of protection from magic (right hand)
Scrolls
 h - 5 scrolls of identify
Potions
 d - a potion of might
 i - a potion of curing
Comestibles
 e - a bread ration
 n - 4 fruits
 o - a chunk of flesh


   Skills:
 + Level 3.5 Fighting
 * Level 4.8 Long Blades
 + Level 3.4 Armour
 + Level 3.2 Shields


You had 4 spell levels left.
You didn't know any spells.

Dungeon Overview and Level Annotations

Branches:
Dungeon (6/15)
 Temple: D:4-7

Altars:
Gozag
The Shining One

Annotations:
D:3 nublet's ghost, weakling OgGl


Message History

You hit the centaur.
The centaur is severely wounded.
The centaur hits you. You block the centaur's attack.
Your shield prevents you from hitting the centaur.
The centaur is heavily wounded.
The centaur hits you. You block the centaur's attack.
You hit the centaur.
The centaur is severely wounded.
You block the centaur's attack. The centaur hits you.
Some of the chunks of flesh in your inventory have rotted away.
You barely miss the centaur.
The centaur is severely wounded.
The centaur hits you but does no damage.
You block the centaur's attack.
You hit the centaur.
The centaur is almost dead.
The centaur hits you!
* * * LOW HITPOINT WARNING * * *
The centaur hits you!
You die...

.................
#.........^...##
.####..............#
................((.#
#.........#........
########..#.##.###.......
.......<.#..##.# .......
#....#####.###c###.......
### #.#(@.........c.
........##.##.......
#####.... .# .......
...##.#.# ..#### .#.. ..
.... # #.... ..


You could see a centaur.

Vanquished Creatures
  An ogre (D:5)
  A worker ant (D:6)
  2 adders
  A shadow imp (D:5)
  3 giant geckos
  An orc (D:5)
  2 giant cockroaches (D:1)
  4 hobgoblins
  2 jackals (D:4)
  3 kobolds (D:1)
  A bat (D:3)
  4 giant newts
  A goblin (D:2)
  A rat (D:3)
27 creatures vanquished.

Vanquished Creatures (others)
  A goblin (D:2)
1 creature vanquished.

Grand Total: 28 creatures vanquished

Notes
Turn   | Place    | Note
--------------------------------------------------------------
     0 | D:1      | 4thArraOfDagon the High Elf Fighter began the quest for the Orb.
     0 | D:1      | Reached XP level 1. HP: 16/16 MP: 2/2
   133 | D:2      | Reached XP level 2. HP: 9/21 MP: 3/3
   207 | D:2      | Found a glowing golden altar of the Shining One.
   211 | D:2      | Became a worshipper of the Shining One
   439 | D:1      | You fall through a shaft!
   533 | D:3      | Reached XP level 3. HP: 24/26 MP: 4/4
   544 | D:3      | Noticed nublet's ghost (weakling OgGl)
   612 | D:4      | Found an opulent altar of Gozag.
   769 | D:5      | Entered Level 5 of the Dungeon
   801 | D:5      | Noticed an ogre
   809 | D:5      | Killed an ogre
   809 | D:5      | Reached skill level 4 in Long Blades
   809 | D:5      | Reached XP level 4. HP: 16/31 MP: 5/5
   873 | D:6      | Reached XP level 5. HP: 15/36 MP: 6/6
   918 | D:6      | Noticed a centaur
   938 | D:6      | Slain by a centaur

Vault maps used:
D:1:      minmay_arrival_nine_rooms
D:2:      fiery_altar_vehumet, marbit_many_paths, fedhas_altar_fruit_tree,
          zin_purify
D:4:      lemuel_crystal_altar, old_standard_altar, first_bread,
          serial_bayou_lake_a, uniq_crazy_yiuf_cottage
D:5:      temple_hall, uniq_grinder
D:6:      grunt_pakellas_basics, uniq_eustachio

Action                   |  1- 3 |  4- 6 || total
-------------------------+-------+-------++-------
Melee: Long sword        |   101 |    54 ||   155
  Use: Potion            |     6 |     4 ||    10
       Scroll            |     6 |       ||     6
